 Dungeon Crawl Stone Soup version 0.31-a0-7-g51783674b7 (webtiles) character file.

Game seed: 14983298052384829670

319 Dittersdorf the Shield-Bearer (level 6, -2/39 HPs)
             Began as a Gargoyle Fighter on May 5, 2023.
             Slain by an orc
             ... wielding a +0 hand axe
              (3 damage)
             ... on level 3 of the Dungeon.
             The game lasted 00:03:25 (2406 turns).

Dittersdorf the Shield-Bearer (Gargoyle Fighter)    Turns: 2406, Time: 00:03:26

Health: -2/39      AC: 12    Str: 22    XL:     6   Next: 46%
Magic:  0/6        EV:  9    Int:  8    God:
Gold:   171        SH:  0    Dex:  9    Spells: 5/5 levels left

rFire   . . .        a - +0 flail
rCold   . . .        c - +0 buckler
rNeg    + . .        b - +0 scale mail
rPois   ∞            (no helmet)
rElec   +            f - +0 cloak
rCorr   +            (no gloves)
SInv    .            (no boots)
Will    .....        l - amulet of guardian spirit Stlth
                     k - ring of resist corrosion
HPRegen 0.26/turn    (no ring)
MPRegen 0.10/turn

%: guardian spirit
@: confused
A: sickness immunity, AC +4, negative energy resistance 1, electricity
resistance, torment resistance 1, petrification resistance
a: no special abilities


You were on level 3 of the Dungeon.
You visited 1 branch of the dungeon, and saw 3 of its levels.

You collected 171 gold pieces.

Inventory:

Hand Weapons
 a - a +0 flail (weapon)
Armour
 b - a +0 scale mail (worn)
 c - a +0 buckler (worn)
 f - a +0 cloak (worn)
Jewellery
 k - a ring of resist corrosion (left hand)
 l - an amulet of guardian spirit (around neck)
Scrolls
 e - 5 scrolls of identify {unknown}
Potions
 d - a potion of might
 g - a potion of mutation {unknown}
 h - a potion of degeneration {unknown}
 i - a potion of experience {unknown}
 j - 2 potions of curing {unknown}
 m - 2 potions of heal wounds {unknown}


   Skills:
 + Level 4.7 Fighting
 + Level 3.6 Maces & Flails
 + Level 4.7 Armour
 + Level 4.8 Shields


You had 5 spell levels left.
You didn't know any spells.
Your spell library was empty.

Dungeon Overview and Level Annotations

Branches:
Dungeon (3/15)

Altars:
Dithmenos
Ru
Vehumet


Innate Abilities, Weirdness & Mutations

You are immune to sickness and miasma.
Your stone body is resilient. (AC +4)
You are immune to poison.
You resist negative energy. (rN+)
You are resistant to electric shocks. (rElec)
You are resistant to unholy torment.
You are immune to petrification.


Message History

You block the orc's attack. The gnoll hits you but does no damage.
The orc splashes around in the water.
A gnoll comes into view. It is wielding a +0 spear.
The gnoll hits you but does no damage. The orc barely misses you.
The gnoll barely misses you.
You barely miss the gnoll.
The gnoll is heavily wounded.
The gnoll shouts!
The orc splashes around in the water.
The orc priest invokes the aid of Beogh against you.
Beogh smites you! You block the gnoll's attack.
The orc hits you with a staff of air. The gnoll hits you but does no damage.
The orc hits you but does no damage.
You sock the gnoll!
You kill the gnoll!
The gnoll hits you with a +0 club. The orc hits you but does no damage.
The orc completely misses you. The gnoll hits you but does no damage.
The orc zaps a wand.
Your will is overpowered!
You are confused.
Things that are here:
a +1 vampiric whip; a gnoll corpse You bump into the rock wall.
The gnoll splashes around in the water.
The orc hits you but does no damage.
You miss the gnoll. The gnoll hits you with a +0 club.
The orc hits you but does no damage.
The orc priest miscasts a cantrip.
The orc hits you but does no damage. x2
The gnoll splashes around in the water.
The orc hits you but does no damage.
You're too confused to move!
The orc hits you but does no damage.
The orc splashes around in the water.
The orc hits you with a +0 hand axe. The gnoll hits you but does no damage.
The orc hits you with a +0 flail.
You're too confused to move!
The orc hits you but does no damage.
The orc priest invokes the aid of Beogh against you.
Beogh smites you!
* * * LOW HITPOINT WARNING * * *
The orc splashes around in the water.
The orc misses you. The gnoll hits you but does no damage.
The orc hits you but does no damage.
You closely miss the orc. The orc hits you but does no damage.
The orc barely misses you. The orc hits you with a +0 hand axe.
You die...

.♣♣♣♣.♣♣♣.∩.._♣........#
......♣♣.....8♣.....#######
....♣♣♣.♣♣♣♣..♣.....#.....#
...♣♣)..♣ ♣.♣♣.....#.###.#
.....♣♣♣♣ .♣♣..........#.#
##........♣.♣.###########.#
##.....#...♣♣.............#
##.....# ...#####################
...............o@o...............
≈~~~~~....~~~~~oog~~~≈≈~~≈~≈~...P
≈≈≈≈≈≈....~≈≈≈≈≈≈≈≈≈~≈≈≈~≈≈≈~....
~~~~~~....~~~go≈o≈~~~≈#####≈~....
... .............#oK.#≈≈.... ###
'#############...#≈~P...
#'###~~.... #.#.~≈~.... #.~≈~....


You could see an orc priest, 2 gnolls and 5 orcs.

Vanquished Creatures
  A phantom (D:3)
  2 howler monkeys (D:3)
  3 adders (D:2)
  5 gnolls (D:3)
  2 worms (D:2)
  A dart slug (D:1)
  An orc (D:3)
  7 endoplasms
  A giant cockroach (D:3)
  7 goblins
  5 hobgoblins
  19 jackals (D:3)
  2 quokkas
  9 ball pythons
  3 bats
  2 frilled lizards
  4 kobolds
  6 rats
80 creatures vanquished.

Vanquished Creatures (others)
  A fungus (D:3)
  A plant (D:3)
2 creatures vanquished.

Grand Total: 82 creatures vanquished

Notes
Turn   | Place    | Note
-------+----------+-------------------------------------------
     0 | D:1      | Dittersdorf the Gargoyle Fighter began the quest for the
                  | Orb.
     0 | D:1      | Reached XP level 1. HP: 14/14 MP: 1/1
   142 | D:1      | Reached XP level 2. HP: 15/19 MP: 2/2
   665 | D:2      | Reached XP level 3. HP: 22/23 MP: 3/3
  1022 | D:2      | Reached XP level 4. HP: 25/29 MP: 4/4
  1459 | D:3      | Found a faded altar of an unknown god.
  1524 | D:3      | Found a shadowy altar of Dithmenos.
  1535 | D:3      | Found a radiant altar of Vehumet.
  1621 | D:3      | Reached XP level 5. HP: 28/33 MP: 5/5
  1621 | D:3      | Noticed a phantom
  1652 | D:3      | Killed a phantom
  2031 | D:3      | Found a sacrificial altar of Ru.
  2301 | D:3      | Reached XP level 6. HP: 35/39 MP: 4/6
  2405 | D:3      | HP: 1/39 [orc priest/divine providence (12)]
  2406 | D:3      | Slain by an orc

Illustrated notes

Levels and vault maps discovered:
D:1:      amcnicky_arrival_abandoned_market, layout_rooms
D:2:      layout_loops_cross, kennysheep_nondescript, minmay_misc_feat_tower,
          kennysheep_generic_room_2
D:3:      lemuel_castle_with_subvaults [lemuel_castle_interior_original],
          layout_basic, fiery_altar_vehumet, hangedman_ru_absence,
          grunt_dithmenos_smoke, shapermc_ecumenical_altar_totnotflames

Skill      XL: |  1  2  3  4  5 |
---------------+----------------+-----
Armour         | 4 |  4.7
Shields        | 4 |  4.8
Fighting       | 4 |  4.7
Maces & Flails | 3 |  3.6

Action                     |  1- 3 |  4- 6 || total
---------------------------+-------+-------++-------
  Melee: Flail             |    82 |   169 ||   251
 Armour: Scale mail        |    50 |   175 ||   225
  Dodge: Dodged            |    29 |   131 ||   160
  Block: Buckler           |    16 |    67 ||    83

Table legend: (Time is in decaauts)
 A = Elapsed time spent in this place.
 B = Non-inter-level travel time spent in this place.
 C = Inter-level travel time spent in this place.
 D = Time resting spent in this place.
 E = Time spent auto-exploring this place.
 F = Levels seen in this place.
 G = Mean time per level.
                   A        B        C        D        E       F      G
               +--------+--------+--------+--------+--------+-----+--------+
         Total |   2482 |   2384 |     98 |    125 |   1607 |   3 |  827.3 |
       Dungeon |   2482 |   2384 |     98 |    125 |   1607 |   3 |  827.3 |
               +--------+--------+--------+--------+--------+-----+--------+

Top non-repeatable levels by time:
     D:3: 1047 daAuts
     D:2: 931 daAuts
     D:1: 503 daAuts
